 Dungeon Crawl Stone Soup version 0.24.0-10-g970556be89 (webtiles) character file.

Game seed: 12146276964421816177, levelgen mode: deterministic

4760 Esekla the Carver (level 10, -8/100 HPs)
             Began as a Grey Draconian Chaos Knight on Nov 3, 2019.
             Was a Plaything of Xom.
             Mangled by a vampire (13 damage)
             ... on level 9 of the Dungeon.
             The game lasted 01:03:51 (8948 turns).

Esekla the Carver (Grey Draconian Chaos Knight)     Turns: 8948, Time: 01:03:56

Health: -8/100     AC: 16    Str: 13    XL:     10   Next: 23%
Magic:  20/20      EV: 15    Int: 12    God:    Xom [..*...]
Gold:   469        SH:  0    Dex: 14    Spells: 9/9 levels left

rFire    + . .     SeeInvis .   z - +4 falchion (flame)
rCold    + . .     Gourm    .   (no shield)
rNeg     . . .     Faith    .   (armour unavailable)
rPois    +         Spirit   .   (helmet restricted)
rElec    +         Reflect  .   t - +2 cloak
rCorr    +         Harm     .   (no gloves)
MR       .....                  (no boots)
Stlth    ++........             C - amulet of rage
HPRegen  0.26/turn              m - ring of magical power
MPRegen  0.17/turn              (no ring)

@: resistant, lightly drained
A: walk through water, unfitting armour, beak, high mp 1, robust 1, shaggy fur
1, weak 1, unbreathing, cold-blooded, AC +12
a: Renounce Religion, Evoke Berserk Rage


You were on level 9 of the Dungeon.
You worshipped Xom.
You were a toy of Xom.
You were hungry.

You visited 1 branch of the dungeon, and saw 9 of its levels.

You collected 469 gold pieces.

Inventory:

Hand Weapons
 h - a +5 halberd of freezing
 j - a +0 short sword of venom
 x - a +1 vampiric dagger
 z - a +4 falchion of flaming (weapon)
Missiles
 i - 8 boomerangs (quivered)
 n - 6 javelins
 B - 39 poisoned darts
Armour
 t - a +2 cloak (worn)
Jewellery
 l - an uncursed ring of ice
 m - a ring of magical power (left hand)
 w - an uncursed ring of teleportation
 C - an amulet of rage (around neck)
Wands
 e - a wand of clouds (5)
 y - a wand of random effects (18)
 A - a wand of digging (4)
Scrolls
 d - 2 scrolls of enchant armour
 f - 3 scrolls of remove curse
 o - a scroll of brand weapon {unknown}
 q - a scroll of amnesia
 r - a scroll of fear
 s - a scroll of fog
 D - a scroll of blinking
Potions
 a - a potion of flight
 c - a potion of cancellation
 g - a potion of lignification
 k - 3 potions of brilliance
Comestibles
 b - 8 rations


   Skills:
 * Level 9.5(9.0) Fighting
 * Level 10.7(10.2) Long Blades
 + Level 6.0(5.6) Dodging
 - Level 4.0(3.6) Stealth


You had 9 spell levels left.
You didn't know any spells.
Your spell library contained the following spells:

 Spells                   Type           Power        Failure   Level  Hunger
 Sandblast                Erth           #.....       32%         1    ##.....
 Shock                    Conj/Air       #...         32%         1    ##.....
 Passwall                 Tmut/Erth      #.......     45%         2    ###....
 Swiftness                Chrm/Air       #.......     45%         2    ###....
 Static Discharge         Conj/Air       #.......     69%         3    ####...
 Stone Arrow              Conj/Erth      #.....       69%         3    ####...
 Airstrike                Air            #.........   97%         4    #####..
 Petrify                  Tmut/Erth      #.......     97%         4    #####..
 Alistair's Intoxication  Tmut/Pois      #.......     100%        5    ######.
 Bolt of Magma            Conj/Fire/Erth #.........   100%        5    ######.
 Lee's Rapid Deconstruct  Erth           #.........   100%        5    ######.
 Lightning Bolt           Conj/Air       #.........   100%        5    ######.


Dungeon Overview and Level Annotations

Branches:
Dungeon (9/15)             Temple (0/1) D:7
   Lair: D:8-11         Orc: D:9-12

Altars:
Cheibriados
Dithmenos
Kikubaaqudgha
Okawaru
Sif Muna
Uskayaw
Wu Jian
Xom

Annotations:
D:8 Erica


Innate Abilities, Weirdness & Mutations

You can walk through water.
Your dull iron-grey scales are very hard. (AC +12)
You cannot fit into any form of body armour.
You can survive without breathing.
You are cold-blooded and may be slowed by cold attacks.
You have a beak for a mouth.
You have an increased reservoir of magic. (+10% MP)
You are robust. (+10% HP)
You are covered in fur. (AC +1)
You are weak. (Str -2)


Message History

Something bites you but does no damage.
You hit something. You burn something. You tail-slap something.
You completely miss something.
You feel less confused. Something hits you but does no damage.
Something bites you!
* * * LOW HITPOINT WARNING * * *
Something draws strength from your injuries!
You miss something. You tail-slap something.
Unholy energy fills the air.
* * * LOW HITPOINT WARNING * * *
Xom is interested.
You feel much better. Something hits you!
* * * LOW HITPOINT WARNING * * *
Something bites you but does no damage.
It was a potion of resistance.
You feel protected.
Xom thinks this is hilarious!
Something hits you.
* * * LOW HITPOINT WARNING * * *
Something bites you!
You die...

#... #.. #.. ...+
#.. ..# #.#
#.####### +.#
#.#.....# #.#
#.......# #@#
#.......#
#{#######..._...#
#...............#
#######+#.......##
#...........
#...........
#...........
#...........
#...........


There were no monsters in sight!

Vanquished Creatures
  Pikel (D:7)
  2 trolls
  A slime creature (D:7)
  2 hippogriffs (D:7)
  A hungry ghost (D:7)
  Menkaure (D:5)
  Duvessa (D:5)
  A water moccasin (D:7)
  2 orc warriors
  2 ice beasts
  A sky beast (D:7)
  A slave (D:7)
  2 phantoms
  A black bear (D:8)
  3 centaurs (D:6)
  3 ogres
  4 bullfrogs
  3 scorpions
  3 wights (D:9)
  3 crimson imps
  A centaur zombie (D:8)
  2 jellies
  2 quasits
  3 bullfrog skeletons
  3 hounds
  6 orc wizards
  Crazy Yiuf (D:3)
  2 iguanas
  6 worker ants
  8 adders
  5 gnolls
  A shadow imp (D:6)
  An adder skeleton (D:6)
  An adder zombie (D:6)
  3 worms
  2 dart slugs
  2 leopard geckos
  24 orcs
  7 bats
  3 giant cockroaches
  3 goblins
  5 hobgoblins
  6 jackals
  A quokka (D:5)
  2 ball pythons
  2 frilled lizards
  6 kobolds
  A quokka skeleton (D:6)
  A quokka zombie (D:7)
  9 rats
157 creatures vanquished.

Vanquished Creatures (collateral kills)
  A centaur (D:4)
  Dowan (D:5)
  A scorpion (D:4)
  A hound (D:5)
  2 orc priests (D:4)
  An orc wizard (D:4)
  An ooze (D:3)
  An orc (D:5)
  A ball python (D:4)
  A jackal (D:5)
11 creatures vanquished.

Vanquished Creatures (others)
  Eustachio (D:5)
1 creature vanquished.

Grand Total: 169 creatures vanquished

Notes
Turn   | Place    | Note
-------+----------+-------------------------------------------
     0 | D:1      | Esekla the Draconian Chaos Knight began the quest for the
                  | Orb.
     0 | D:1      | Reached XP level 1. HP: 19/19 MP: 1/1
    78 | D:1      | XOM: silly message
    88 | D:1      | XOM: divination: magic mapping
   124 | D:1      | XOM: polymorph hobgoblin -> jackal
   375 | D:1      | Reached XP level 2. HP: 23/27 MP: 2/2
   780 | D:2      | XOM: blink monster(s)
  1065 | D:2      | Reached XP level 3. HP: 16/33 MP: 3/3
  1117 | D:2      | XOM: divination: detect items
  1252 | D:2      | Reached XP level 4. HP: 41/41 MP: 4/4
  1276 | D:1      | XOM: enchant monster (good)
  1337 | D:1      | XOM: divination: detect creatures
  1717 | D:2      | XOM: confuse monster(s)
  1748 | D:3      | XOM: butterfly on damage
  1752 | D:3      | XOM: cast spell 'Summon Ice Beast'
  1764 | D:3      | Gained mutation: You are weak. (Str -2) [potion of
                  | mutation]
  1764 | D:3      | Gained mutation: You are robust. (+10% HP) [potion of
                  | mutation]
  1764 | D:3      | Gained mutation: You have an increased reservoir of magic.
                  | (+10% MP) [potion of mutation]
  1771 | D:3      | XOM: scenery: create altars
  1777 | D:3      | Reached skill level 4 in Long Blades
  1828 | D:3      | XOM: scenery: create altars
  1879 | D:3      | HP: 1/45 [orc/+0 flail (6)]
  1920 | D:3      | XOM: god gift: marble ring {god gift}
  2337 | D:3      | Reached skill level 5 in Fighting
  2337 | D:3      | Reached XP level 5. HP: 50/52 MP: 5/5
  2608 | D:3      | Found a runed translucent door.
  2609 | D:3      | Noticed Crazy Yiuf
  2624 | D:3      | Killed Crazy Yiuf
  2881 | D:4      | Reached skill level 1 in Stealth
  2893 | D:4      | Found a shadowy altar of Dithmenos.
  2897 | D:4      | XOM: smoke on damage
  2905 | D:4      | Found an iron altar of Okawaru.
  3062 | D:4      | Noticed an ice beast
  3084 | D:4      | Reached XP level 6. HP: 60/61 MP: 6/6
  3198 | D:3      | XOM: scenery: create altars
  3232 | D:4      | XOM: give mutations
  3232 | D:4      | Gained mutation: You have a beak for a mouth. [Xom's grace]
  3232 | D:4      | Gained mutation: You are covered in fur. (AC +1) [Xom's
                  | grace]
  3259 | D:4      | Found a hide-covered altar of Uskayaw.
  3268 | D:4      | Reached skill level 5 in Long Blades
  3296 | D:4      | Killed an ice beast
  3531 | D:4      | Your scales start taking on a dull iron-grey colour.
  3531 | D:4      | Reached XP level 7. HP: 68/68 MP: 7/7
  3531 | D:4      | Gained mutation: You can survive without breathing. [Grey
                  | Draconian growth]
  3544 | D:5      | Entered Level 5 of the Dungeon
  3567 | D:5      | Noticed Ijyb
  3576 | D:5      | XOM: fog
  3637 | D:4      | Noticed Ijyb
  3637 | D:4      | Noticed Ijyb
  3637 | D:4      | Ijyb the glowing shapeshifter changed into Ijyb the dream
                  | sheep
  3638 | D:4      | XOM: cast spell 'Death Channel'
  3640 | D:4      | Noticed Ijyb
  3640 | D:4      | Ijyb the dream sheep changed into Ijyb the merfolk
  3641 | D:4      | XOM: enchant monster (good)
  3649 | D:5      | Noticed Eustachio
  3650 | D:5      | Noticed Duvessa
  3652 | D:5      | Noticed Dowan
  3660 | D:5      | XOM: scenery: create altars
  3665 | D:5      | Noticed Ijyb
  3665 | D:5      | Ijyb the deep troll changed into Ijyb the swamp dragon
  3677 | D:5      | Noticed Ijyb
  3678 | D:5      | Noticed Ijyb
  3678 | D:5      | Ijyb the komodo dragon changed into Ijyb the harpy
  3681 | D:5      | Noticed Ijyb
  3681 | D:5      | Ijyb the harpy changed into Ijyb the blink frog
  3940 | D:5      | XOM: god gift: wand of clouds (5)
  4064 | D:5      | XOM: potion effect (brilliance)
  4076 | D:5      | Killed Eustachio
  4076 | D:5      | Reached skill level 6 in Long Blades
  4076 | D:5      | XOM: divine lightning
  4184 | D:5      | XOM: polymorph shadow imp -> quasit
  4188 | D:4      | Found a snail-covered altar of Cheibriados.
  4319 | D:5      | XOM: 1-stop teleportation journey
  4394 | D:5      | Killed Duvessa
  4394 | D:5      | Reached XP level 8. HP: 77/78 MP: 8/8
  4401 | D:5      | Killed Dowan
  4595 | D:5      | XOM: stat loss: -1 Int (11/12)
  4601 | D:5      | Noticed Menkaure
  4608 | D:5      | Killed Menkaure
  4854 | D:5      | XOM: noise
  4958 | D:5      | XOM: potion effect (might)
  4961 | D:5      | Reached skill level 7 in Long Blades
  5245 | D:5      | Noticed Ijyb
  5253 | D:5      | Noticed Ijyb
  5253 | D:5      | Ijyb the lindwurm changed into Ijyb the tyrant leech
  5254 | D:5      | Noticed Ijyb
  5254 | D:5      | Ijyb the tyrant leech changed into Ijyb the great orb of
                  | eyes
  5255 | D:5      | XOM: enchant monster (good)
  5507 | D:5      | Noticed Ijyb
  5507 | D:5      | Ijyb the great orb of eyes changed into Ijyb the slime
                  | creature
  5510 | D:5      | Ijyb the slime creature changed into Ijyb the swamp worm
  5511 | D:5      | Noticed Ijyb
  5511 | D:5      | Ijyb the swamp worm changed into Ijyb the deep troll
  5515 | D:5      | XOM: cast spell 'Call Canine Familiar'
  5515 | D:5      | XOM: butterfly on damage
  5517 | D:5      | Noticed Ijyb
  5517 | D:5      | Ijyb the deep troll changed into Ijyb the cyclops
  5519 | D:5      | HP: 3/80 [Ijyb the cyclops (glowing shapeshifter) (29)]
  5521 | D:5      | XOM: potion effect (invisibility)
  5541 | D:5      | Noticed Ijyb
  5541 | D:5      | Ijyb the cyclops changed into Ijyb the shock serpent
  5560 | D:5      | Noticed Ijyb
  5560 | D:5      | Ijyb the tarantella changed into Ijyb the wind drake
  6059 | D:6      | Reached skill level 5 in Dodging
  6063 | D:6      | XOM: destruction
  6086 | D:6      | XOM: mild Hex miscast
  6169 | D:6      | Reached XP level 9. HP: 54/89 MP: 9/9
  6172 | D:6      | Reached skill level 8 in Long Blades
  6376 | D:6      | XOM: harmless Chrm miscast
  6419 | D:7      | Noticed a troll
  6519 | D:7      | XOM: 1-stop teleportation journey
  6540 | D:7      | Noticed Pikel
  6562 | D:7      | XOM: swap monsters
  6602 | D:7      | Killed a troll
  6872 | D:7      | Reached skill level 9 in Long Blades
  6932 | D:7      | XOM: silly message
  6969 | D:7      | Found a staircase to the Ecumenical Temple.
  6975 | D:7      | XOM: harmless Ice miscast
  7094 | D:7      | XOM: potion effect (might)
  7279 | D:7      | XOM: divination: detect creatures
  7298 | D:7      | Killed Pikel
  7330 | D:7      | XOM: harmless Conj miscast
  7456 | D:7      | Reached skill level 10 in Long Blades
  7639 | D:8      | Noticed a two-headed ogre
  7656 | D:7      | XOM: stat loss: -1 Dex (13/14)
  7657 | D:7      | XOM: enchant monster (good)
  7674 | D:7      | a two-headed ogre changed into a slime creature
  7674 | D:7      | XOM: polymorph two-headed ogre -> slime creature
  7675 | D:7      | XOM: fog
  7834 | D:7      | Reached XP level 10. HP: 98/100 MP: 11/11
  7889 | D:8      | Found a shimmering blue altar of Sif Muna.
  7890 | D:8      | Found an ornate altar of the Wu Jian Council.
  7891 | D:8      | Found an ancient bone altar of Kikubaaqudgha.
  7910 | D:8      | XOM: 2-stop teleportation journey
  7953 | D:8      | Noticed Erica
  7955 | D:8      | XOM: blink monster(s)
  7956 | D:8      | XOM: smoke on damage
  7961 | D:8      | XOM: noise
  7962 | D:8      | XOM: summons 1 hostile demon
  8198 | D:8      | XOM: mild Ice miscast
  8360 | D:8      | XOM: summons friendly white imp
  8392 | D:9      | Identified the Reference Book on Earthen Intoxication
  8571 | D:8      | Noticed a two-headed ogre
  8575 | D:8      | Noticed a cyclops
  8583 | D:8      | XOM: cast spell 'Summon Butterflies'
  8865 | D:9      | Found an ancient bone altar of Kikubaaqudgha.
  8946 | D:9      | HP: 4/100 [something/vampiric draining (10)]
  8948 | D:9      | Mangled by a vampire

Levels and vault maps discovered:
D:1:      scummos_arrival_simple_crosswalls, layout_basic, chequers_avenue
D:2:      layout_basic, first_ration, minmay_misc_feat_doors
D:3:      layout_rooms, uniq_crazy_yiuf_cottage
D:4:      layout_rooms, nicolae_overflow_hidden_temple, minmay_crystal_water
D:5:      layout_layer_cave, uniq_eustachio, uniq_ijyb, uniq_duvessa,
          uniq_menkaure
D:6:      nicolae_whirlpool, layout_rooms, grunt_decor_one_mirror,
          small_statue_intersection
D:7:      layout_basic, minmay_temple_entry_glassed_door, uniq_pikel
D:8:      layout_gridville, chequers_temple_overflow_statue_of_worship,
          grunt_livestock, unseen_surprise_small, uniq_erica, uniq_gastronok
D:9:      layout_stronghold, basic_altar, minivault_16, minmay_variable_closet,
          lemuel_flamethrower_2

Skill      XL: |  1  2  3  4  5  6  7  8  9 10 |
---------------+-------------------------------+-----
Fighting       | 4 5 6 7 9 |  9.5
Long Blades    | 4 5 6 7 10 | 10.7
Stealth        | 1 2 3 4 |  4.0
Dodging        | 3 4 5 6 |  6.0

Action                   |  1- 3 |  4- 6 |  7- 9 | 10-12 || total
-------------------------+-------+-------+-------+-------++-------
Melee: Falchion          |    78 |   136 |   322 |   116 ||   652
       Tailslap          |    10 |    26 |    50 |    22 ||   108
       Peck              |       |     6 |    58 |    28 ||    92
       Short sword       |       |       |     6 |       ||     6
Throw: Boomerang         |     3 |     5 |    27 |     1 ||    36
       Dart              |       |       |     8 |     1 ||     9
  Use: Scroll            |       |     3 |    17 |     2 ||    22
       Potion            |       |     3 |     1 |     2 ||     6
 Stab: Sleeping          |       |     2 |     4 |     3 ||     9
       Distracted        |       |       |     1 |       ||     1
  Eat: Chunk             |     1 |     3 |     7 |     2 ||    13
       Ration            |       |     1 |     3 |       ||     4
Armor: Skin              |    20 |    33 |   143 |    54 ||   250
Dodge: Dodged            |    65 |    82 |   208 |    75 ||   430
       Rpst.: Falchion   |    19 |    28 |    59 |    16 ||   122
